Map: Romanticide LE

Players

Has - Winner!

  • Race: Protoss Protoss

Lemon

  • Race: Terran Terran

VOD

Have the link to the VOD?

Description

Time

  • Played on: Sept. 29, 2021, 7:23 a.m.
  • Length: 12:13
Show
View Real Time Build Order
Export as new Build Order

Has Protoss - Winner!

Build Orders: Dark Templar Rush 

Get SALT Encoding   

  12  0:00  Probe  
  13  0:12  Probe  
  14  0:20  Pylon  
  14  0:24  Probe  
  15  0:38  Gateway, Probe (Chrono Boost)  
  16  0:49  Assimilator, Probe (Chrono Boost)  
  17  0:53  Probe (Chrono Boost)  
  18  1:04  Probe  
  19  1:16  Probe  
  20  1:27  Zealot, Cybernetics Core  
  20  1:28  Probe  
  20  1:30  Pylon  
  23  1:57  Nexus  
  23  2:00  Adept (Chrono Boost), Assimilator  
  24  2:04  Warp Gate  
  24  2:08  Probe  
  26  2:20  Probe  
  27  2:31  Twilight Council  
  27  2:32  Probe  
  28  2:43  Adept  
  30  2:44  Probe  
  31  3:06  Probe  
  30  3:16  Stalker (Chrono Boost), Probe (Chrono Boost)  
  32  3:21  Dark Shrine  
  32  3:22  Probe (Chrono Boost)  
  33  3:28  Gateway, Probe (Chrono Boost)  
  33  3:33  Probe (Chrono Boost)  
  33  3:34  Probe (Chrono Boost)  
  34  3:36  Gateway  
  34  3:40  Stalker  
  37  3:42  Probe  
  37  3:44  Probe  
  40  3:56  Probe (Chrono Boost)  
  40  3:58  Probe (Chrono Boost)  
  39  4:03  Blink (Chrono Boost)  
  39  4:05  Pylon  
  39  4:08  Probe (Chrono Boost)  
  41  4:11  Probe (Chrono Boost)  
  41  4:13  Probe (Chrono Boost)  
  42  4:20  Nexus  
  42  4:22  Probe  
  43  4:25  Probe (Chrono Boost)  
  44  4:33  Dark Templar  
  44  4:37  Probe (Chrono Boost)  
  44  4:38  Pylon  
  48  4:40  Dark Templar, Probe (Chrono Boost)  
  48  4:45  Probe (Chrono Boost)  
  51  4:48  Probe (Chrono Boost)  
  52  4:54  Probe  
  52  4:59  Probe  
  51  5:05  Gateway  
  51  5:06  Gateway, Dark Templar  
  51  5:12  Shield Battery x2  
  51  5:15  Pylon  
  51  5:16  Stalker  
  51  5:19  Probe  
  54  5:22  Pylon  
  54  5:32  Probe x2  
  56  5:37  Forge  
  56  5:39  Stalker x2  
  56  5:41  Probe (Chrono Boost)  
  59  5:46  Probe (Chrono Boost)  
  59  5:48  Probe (Chrono Boost)  
  57  5:53  Probe (Chrono Boost)  
  59  6:01  Probe x2 (Chrono Boost), Protoss Ground Weapons Level 1 (Chrono Boost)  
  59  6:02  Probe (Chrono Boost)  
  59  6:03  Stalker x3  
  67  6:08  Probe x2  
  67  6:10  Probe  
  68  6:12  Pylon  
  68  6:17  Gateway  
  68  6:20  Gateway, Probe  
  68  6:22  Gateway, Probe, Charge (Chrono Boost)  
  68  6:24  Gateway  
  70  6:26  Probe  
  70  6:32  Probe  
  72  6:34  Probe  
  72  6:37  Pylon  
  72  6:38  Probe  
  74  6:46  Zealot x4  
  84  6:51  Nexus  
  82  6:57  Robotics Facility  
  82  6:59  Gateway  
  82  7:07  Zealot x4  
  90  7:13  Probe x3  
  90  7:15  Stalker x2  
  95  7:19  Zealot  
  97  7:25  Probe x2  
  97  7:27  Probe  
  97  7:28  Zealot x2  
  100  7:34  Pylon  
  100  7:40  Pylon  
  100  7:43  Probe  
  101  7:45  Pylon  
  101  7:46  Pylon  
  101  7:52  Probe  
  101  7:53  Observer (Chrono Boost), Zealot x2, Sentry  
  101  7:55  Pylon  
  109  7:59  Zealot x4  
  109  8:00  Protoss Ground Armor Level 1 (Chrono Boost)  
  109  8:05  Zealot x2  
  121  8:06  Warp Prism (Chrono Boost)  
  123  8:13  Probe x3  
  123  8:18  Nexus  
  126  8:23  Probe  
  125  8:29  Robotics Bay  
  125  8:32  Assimilator  
  125  8:37  Zealot  
  125  8:38  Zealot x3  
  125  8:40  Zealot x2  
  125  8:41  Zealot x3  
  143  8:51  Probe x3  
  146  8:56  Pylon  
  146  8:58  Pylon  
  146  8:59  Probe  
  146  9:00  Photon Cannon  
  146  9:01  Shield Battery  
  141  9:03  Observer (Chrono Boost)  
  141  9:04  Zealot x2  
  141  9:05  Zealot x5  
  141  9:09  Photon Cannon  
  156  9:15  Probe x2  
  158  9:19  Zealot x2  
  158  9:20  Probe  
  158  9:22  Photon Cannon  
  159  9:36  Probe  
  159  9:37  Probe x3  
  133  9:39  Photon Cannon  
  133  9:40  Probe  
  133  9:43  Zealot x8  
  128  9:50  Probe x2 (Chrono Boost)  
  128  9:52  Probe x2 (Chrono Boost)  
  126  9:58  Colossus (Chrono Boost)  
  125  10:03  Probe (Chrono Boost)  
  125  10:04  Probe (Chrono Boost)  
  125  10:09  Probe x3 (Chrono Boost)  
  121  10:17  Probe  
  122  10:22  Zealot  
  122  10:23  Zealot x8  
  122  10:27  Pylon  
  140  10:29  Photon Cannon  
  140  10:32  Probe x2  
  140  10:33  Probe  
  140  10:38  Colossus (Chrono Boost)  
  146  10:44  Zealot x2  
  146  10:46  Zealot x7  
  164  11:13  Disruptor (Chrono Boost)  
  161  11:18  Zealot x3  
  161  11:19  Zealot x6  
  167  11:38  Zealot x2  
  167  11:39  Zealot x7  
  189  11:52  Probe x5  
  180  11:55  Robotics Facility x2  
  179  12:03  Zealot x7  
Show
View Real Time Build Order
Export as new Build Order

Lemon Terran 

Build Orders:  

Get SALT Encoding   

  12  0:00  SCV  
  13  0:12  SCV  
  14  0:17  Supply Depot  
  14  0:24  SCV  
  15  0:39  SCV  
  15  0:40  Barracks  
  16  0:43  Refinery  
  16  0:51  SCV  
  17  1:03  SCV  
  18  1:15  SCV  
  19  1:27  Marine, Orbital Command  
  20  1:45  Barracks Reactor  
  20  1:46  Command Center  
  20  1:52  Supply Depot  
  20  1:55  SCV  
  21  2:07  SCV  
  21  2:08  Barracks  
  22  2:18  Bunker  
  22  2:20  SCV  
  22  2:21  Reaper  
  22  2:22  Reaper  
  25  2:32  SCV  
  25  2:33  Barracks  
  26  2:48  SCV  
  26  2:53  Marine  
  26  2:54  Marine  
  27  3:00  SCV  
  27  3:11  Marine  
  27  3:12  SCV  
  28  3:17  Barracks Tech Lab  
  27  3:22  Barracks Tech Lab  
  27  3:23  Orbital Command  
  27  3:24  SCV  
  27  3:26  Marine  
  29  3:29  Marine  
  30  3:35  Marine  
  30  3:36  Stimpack, SCV  
  30  3:40  Combat Shield, Marine  
  33  3:48  SCV  
  33  3:50  SCV  
  35  3:56  Engineering Bay  
  35  4:00  SCV, Marine x2  
  35  4:01  Marine x2  
  35  4:02  SCV  
  40  4:05  Supply Depot  
  40  4:12  SCV  
  40  4:13  Supply Depot  
  40  4:14  SCV  
  42  4:18  Marine x2  
  42  4:19  Marine x2  
  46  4:25  Missile Turret  
  46  4:27  SCV x2  
  48  4:36  Marine x3  
  48  4:37  Marine  
  52  4:39  SCV x2  
  52  4:41  Factory  
  52  4:45  Refinery  
  54  4:46  Refinery  
  54  4:51  SCV x2  
  53  5:00  Marine x4  
  53  5:03  SCV x2  
  59  5:09  Supply Depot, Terran Infantry Weapons Level 1  
  59  5:15  SCV  
  59  5:16  SCV  
  59  5:18  Marine  
  59  5:20  Concussive Shells  
  62  5:27  Supply Depot  
  62  5:29  Supply Depot  
  62  5:30  Marine  
  62  5:31  Marauder x2, SCV x2  
  62  5:34  Factory Reactor  
  69  5:36  Starport  
  67  5:43  SCV  
  67  5:48  Marine x2  
  65  5:51  SCV  
  65  5:52  Marauder x2  
  62  6:08  Marine  
  62  6:09  Marine  
  62  6:10  SCV x2  
  65  6:12  Factory Reactor  
  65  6:13  Starport Reactor  
  65  6:14  Marauder x2  
  69  6:24  SCV x2  
  71  6:29  Command Center  
  71  6:30  Marine x2  
  73  6:36  Marauder  
  73  6:37  Marauder  
  73  6:38  SCV  
  78  6:47  SCV  
  79  6:50  Widow Mine, Medivac x2, Refinery, SCV  
  86  7:03  Supply Depot  
  86  7:15  Barracks  
  86  7:20  Barracks  
  86  7:24  SCV, Marine  
  86  7:25  Marauder x2, Widow Mine, Marine  
  89  7:30  Medivac x2  
  89  7:31  Widow Mine  
  89  7:33  SCV  
  94  7:38  Terran Infantry Armor Level 1  
  94  7:40  SCV  
  94  7:41  Supply Depot  
  94  7:42  Supply Depot  
  95  7:46  Marauder x2, Widow Mine  
  95  7:49  Armory, Marine x2  
  103  7:54  Widow Mine  
  105  8:00  SCV x2  
  105  8:01  Orbital Command  
  105  8:02  Missile Turret  
  105  8:03  Medivac x2  
  111  8:06  Barracks Tech Lab, Barracks Reactor  
  111  8:13  Marine  
  111  8:14  Marauder x2, Marine  
  111  8:15  Widow Mine  
  119  8:23  SCV x2  
  121  8:28  Supply Depot x2  
  121  8:29  SCV  
  121  8:32  Marauder  
  124  8:35  SCV  
  124  8:36  Bunker  
  124  8:38  Supply Depot  
  125  8:49  Widow Mine x2, Medivac x2, SCV x3, Marine  
  125  8:50  Marauder x2  
  125  8:53  Supply Depot  
  141  8:59  Marine x2  
  141  9:00  Marauder, Marine  
  141  9:01  SCV  
  147  9:07  SCV x2  
  147  9:08  Refinery  
  147  9:09  Refinery  
  149  9:11  Ghost Academy  
  149  9:14  Marauder, SCV  
  145  9:30  Marauder, Marine  
  126  9:39  Marine x2  
  126  9:40  Marauder x2, SCV x2  
  126  9:41  Marine  
  130  9:45  Widow Mine  
  130  9:46  Widow Mine  
  130  9:48  Marine  
  130  9:52  Marauder  
  133  9:53  SCV x3  
  133  9:57  Medivac x2, Marine x2  
  133  9:59  Marine  
  138  10:01  Marauder x2  
  138  10:05  Marine  
  139  10:08  Widow Mine  
  139  10:09  Widow Mine  
  139  10:13  Marauder  
  144  10:15  SCV x3, Marine x2  
  144  10:16  Marine  
  149  10:22  Ghost  
  149  10:23  Marauder  
  149  10:27  Viking x2  
  157  10:31  Supply Depot  
  157  10:32  Supply Depot  
  157  10:50  Supply Depot x2, Marine x2  
  157  10:53  Marauder x2, Widow Mine x2  
  157  10:56  Marine, Ghost  
  157  10:57  Marine  
  168  11:00  SCV x2  
  168  11:01  SCV  
  168  11:02  Supply Depot  
  172  11:08  Marine  
  171  11:12  SCV  
  165  11:20  Marine x2  
  165  11:21  Marauder x2  
  165  11:25  Marine, Ghost  
  162  11:26  Marine  
  154  11:35  Widow Mine  
  154  11:38  Marine x2  
  146  11:41  Ghost  
  146  11:42  Ghost  
  146  11:43  Marine  
  146  11:44  Marine  
  139  11:53  Command Center  
Tags
 
Add a new tag
Caveats
  • Supply blocks, unpowered buildings, or Contaminate may cause inaccurate times.
  • Supply counts are checked every 10 seconds.